 Dungeon Crawl Stone Soup version 0.23-a0-455-ge12115f (webtiles) character file.

324 Dfrag the Firebug (level 6, -6/49 HPs)
             Began as a Naga Fire Elementalist on Nov 24, 2018.
             Mangled by an ogre
             ... wielding a cursed -2 giant spiked club
              (24 damage)
             ... on level 3 of the Dungeon.
             The game lasted 00:03:06 (2054 turns).

Dfrag the Firebug (Naga Fire Elementalist)          Turns: 2054, Time: 00:03:06

Health: -6/49      AC:  5    Str: 17    XL:     6   Next: 48%
Magic:  8/11       EV: 10    Int: 17    God:
Gold:   102        SH:  0    Dex: 11    Spells: 4/12 levels left

rFire    + . .     SeeInvis +   (no weapon)
rCold    . . .     Gourm    .   (no shield)
rNeg     . . .     Faith    .   a - +0 robe
rPois    +         Spirit   .   (no helmet)
rElec    .         Reflect  .   e - +0 cloak
rCorr    .         Harm     .   n - +0 pair of gloves
MR       .....                  (no barding)
Stlth    ++........             (no amulet)
HPRegen  0.16/turn              o - +6 ring of strength
MPRegen  0.12/turn              l - ring of protection from fire

@: short of breath, very slow
A: large, see invisible, deformed body, poison resistance, slowness 2, slow
metabolism 1, spit poison 1, AC +2
a: Spit Poison


You were on level 3 of the Dungeon.
You were hungry.

You visited 1 branch of the dungeon, and saw 3 of its levels.

You collected 102 gold pieces.

Inventory:

Armour
 a - a +0 robe (worn)
 e - a +0 cloak (worn)
 n - a +0 pair of gloves (worn)
Jewellery
 g - a +3 ring of dexterity
 k - an uncursed ring of wizardry
 l - a ring of protection from fire (right hand)
 o - a +6 ring of strength (left hand)
Scrolls
 b - 2 scrolls of remove curse {unknown}
 f - 2 scrolls of identify {unknown}
 h - a scroll of enchant weapon {unknown}
 j - a scroll of fog {unknown}
 p - a scroll of immolation {unknown}
 q - a scroll of magic mapping {unknown}
 r - a scroll of enchant armour {unknown}
Potions
 d - a potion of flight {unknown}
 i - a potion of cancellation {unknown}
 m - a potion of heal wounds {unknown}
 s - a potion of curing {unknown}
Comestibles
 c - 3 rations


   Skills:
 - Level 1.5 Dodging
 - Level 3.0 Stealth
 + Level 3.8 Spellcasting
 + Level 3.6 Conjurations
 + Level 4.7 Fire Magic


You had 4 spell levels left.
You knew the following spells:

 Your Spells              Type           Power        Failure   Level  Hunger
a - Flame Tongue          Conj/Fire      ###..        3%          1    None
b - Conjure Flame         Conj/Fire      ###.....     9%          3    ###....
c - Sticky Flame          Conj/Fire      ###.....     28%         4    ####...

Your spell library contained the following spells:

 Spells                   Type           Power        Failure   Level  Hunger
 Throw Flame              Conj/Fire      ###...       4%          2    ##.....
 Inner Flame              Hex/Fire       ##......     19%         3    ###....
 Fireball                 Conj/Fire      ###.......   63%         5    ######.


Dungeon Overview and Level Annotations

Branches:
Dungeon (3/15)

Altars:
Ru


Innate Abilities, Weirdness & Mutations

You cannot wear boots.
Your serpentine skin is tough. (AC +2)
You have supernaturally acute eyesight. (SInv)
Armour fits poorly on your strangely shaped body.
Your system is resistant to poisons. (rPois)
You cover ground very slowly.
You have a slow metabolism.
You can spit poison.


Message History

Casting: Flame Tongue (safe; 3% risk of failure)
Confirm with . or Enter, or press ? or * to list all spells.
Aiming: Flame Tongue (safe; 3% risk of failure)
Press: ? - help, Shift-Dir - straight line, f/p - ogre
Aim: an ogre, wielding a -2 giant spiked club (severely wounded, poisoned)
The flame tongue hits the ogre.
The ogre is severely wounded.
The ogre hits you with a cursed -2 giant spiked club!!
Ouch! That really hurt!
Okay, then.
Unknown command.
Casting: Flame Tongue (safe; 3% risk of failure)
Confirm with . or Enter, or press ? or * to list all spells.
Aiming: Flame Tongue (safe; 3% risk of failure)
Press: ? - help, Shift-Dir - straight line, f/p - ogre
Aim: an ogre, wielding a -2 giant spiked club (severely wounded, poisoned)
The flame tongue hits the ogre.
The ogre is severely wounded.
The ogre hits you with a cursed -2 giant spiked club!!
You die...

#.........##.# #........# #
#.####....##.# #........# #
..####....##.# #........# #
#....########################## #
#.###................... #
.....#...#...#...#..!#.. #
#.##..................._ #
#.####...#...#...#...#.. #
#.###...........@O......#.#######
#.<..####################........
#######...............#########..
#.............##.........
#..................####..
#.##.###......##.#.# ### #..#.#
#......##.#.# ##.#.#
#......##.#.#
##########.#.###......##.#.#


You could see an ogre.

Vanquished Creatures
  Sigmund (D:2)
  A bullfrog (D:3)
  A worker ant (D:2)
  An adder (D:3)
  2 oozes (D:2)
  2 dart slugs
  3 leopard geckos
  An orc (D:3)
  A ball python (D:1)
  3 giant cockroaches
  5 goblins
  3 hobgoblins (D:3)
  3 quokkas
  6 bats
  3 frilled lizards
  4 kobolds
  A quokka skeleton (D:3)
  3 rats
44 creatures vanquished.

Notes
Turn   | Place    | Note
-------+----------+-------------------------------------------
     0 | D:1      | Dfrag the Naga Fire Elementalist began the quest for the
                  | Orb.
     0 | D:1      | Reached XP level 1. HP: 15/15 MP: 3/3
   228 | D:1      | Reached XP level 2. HP: 22/22 MP: 1/5
   618 | D:2      | Reached XP level 3. HP: 19/28 MP: 2/6
   707 | D:2      | Noticed Sigmund
   714 | D:2      | Learned a level 3 spell: Conjure Flame
   731 | D:2      | Killed Sigmund
   731 | D:2      | Reached skill level 4 in Fire Magic
   731 | D:2      | Reached XP level 4. HP: 25/36 MP: 3/9
   731 | D:2      | Reached XP level 5. HP: 29/42 MP: 3/10
   840 | D:2      | Reached XP level 6. HP: 47/49 MP: 6/11
   877 | D:2      | Learned a level 4 spell: Sticky Flame
  2050 | D:3      | Found a sacrificial altar of Ru.
  2054 | D:3      | Mangled by an ogre

Vault maps used:
D:1:      psy_arrival_dodecagon
D:2:      uniq_sigmund
D:3:      lemuel_coloured_pillars_altar

Skill      XL: |  1  2  3 |
---------------+----------+-----
Conjurations   | 3 |  3.6
Spellcasting   | 3 |  3.8
Fire Magic     | 4 |  4.7
Dodging        | |  1.5
Stealth        | |  3.0

Action                   |  1- 3 |  4- 6 || total
-------------------------+-------+-------++-------
Melee: Unarmed           |    21 |     3 ||    24
 Cast: Flame Tongue      |    28 |    48 ||    76
 Abil: Spit Poison       |    21 |     3 ||    24
  Eat: Chunk             |       |     4 ||     4
Armor: Robe              |    17 |     7 ||    24
Dodge: Dodged            |    30 |    21 ||    51

Table legend:
 A = Non-vault XP
 B = Vault XP
 C = Vault XP percentage of total XP
 D = Non-vault monster count
 E = Vault monster count
 F = Vault count percentage of total count
                 A         B        C        D         E       F
            +---------+---------+-------+---------+---------+-------
      Total |     226 |     238 |  51.3 |      43 |       1 |   2.3
            +---------+---------+-------+---------+---------+-------
        D:1 |      24 |       0 |   0.0 |      15 |       0 |   0.0
        D:2 |      71 |     238 |  77.0 |      16 |       1 |   5.9
        D:3 |     131 |       0 |   0.0 |      12 |       0 |   0.0
            +---------+---------+-------+---------+---------+-------
